 Dungeon Crawl Stone Soup version 0.24.0-29-g8ce449bc06 (webtiles) character file.

Game seed: 6657880966326419223, levelgen mode: deterministic

30462 Johnny the Fencer (level 13, -19/137 HPs)
             Began as a Troll Berserker on Nov 16, 2019.
             Was an Elder of Trog.
             Demolished by a very large slime creature (55 damage)
             ... on level 13 of the Dungeon.
             The game lasted 00:19:03 (10135 turns).

Johnny the Fencer (Troll Berserker)                Turns: 10135, Time: 00:19:04

Health: -19/137    AC:  9    Str: 32    XL:     13   Next: 20%
Magic:  4/4        EV: 10    Int:  3    God:    Trog [****..]
Gold:   300        SH:  0    Dex:  9    Spells: 12/12 levels left

rFire    + . .     SeeInvis .   C - +0 double sword (antimagic)
rCold    + . .     Gourm    +   (no shield)
rNeg     . . .     Faith    .   T - +0 troll leather armour
rPois    .         Spirit   .   (helmet restricted)
rElec    .         Reflect  .   o - +0 cloak
rCorr    .         Harm     .   (gloves unavailable)
MR       .....                  (boots unavailable)
Stlth    +.........             (no amulet)
HPRegen  1.12/turn              t - ring of protection from cold
MPRegen  0.09/turn              P - ring of protection from fire

@: lethally poisoned (-19 -> -19), about to teleport, berserk cooldown, slowed,
very slow
A: large, unfitting armour, claws 3, fast metabolism 3, gourmand, regeneration
1, shaggy fur 1, tough skin 3
a: Berserk, Trog's Hand, Brothers in Arms, Renounce Religion


You were on level 13 of the Dungeon.
You worshipped Trog.
Trog was greatly pleased with you.
You were full.

You visited 1 branch of the dungeon, and saw 13 of its levels.

You collected 764 gold pieces.
You spent 464 gold pieces at shops.

Inventory:

Hand Weapons
 m - the cursed +2 dagger of the Rattle-Snake {elec, +Fly rC+ Dex-3, unknown}
   (You found it on level 9 of the Dungeon)

   Occasionally, upon striking a foe, it will discharge some electrical energy
   and cause terrible harm.
   It affects your dexterity (-3).
   It protects you from cold.
   It lets you fly.
   It has a curse placed upon it.
 C - a +0 antimagic double sword (weapon)
Missiles
 u - 3 throwing nets (quivered)
Armour
 o - a +0 cloak (worn)
 K - +0 acid dragon scales
 T - a +0 troll leather armour (worn)
Jewellery
 t - a ring of protection from cold (left claw)
 w - a +2 ring of intelligence {unknown}
 y - an uncursed ring of fire
 E - the amulet "Bufenant" {Spirit rF+ rN+ Int-4}
   (You found it on level 7 of the Dungeon)

   [amulet of guardian spirit]

   It causes incoming damage to be split between your health and magic.
   It affects your intelligence (-4).
   It protects you from fire.
   It protects you from negative energy.
 H - a +3 ring of evasion {unknown}
 M - an uncursed amulet of harm
 P - a ring of protection from fire (right claw)
Wands
 e - a wand of digging (5)
 J - a wand of disintegration (8)
Scrolls
 b - 4 scrolls of enchant weapon
 d - 6 scrolls of teleportation
 g - 8 scrolls of remove curse
 h - 3 scrolls of blinking
 k - 3 scrolls of magic mapping
 p - 4 scrolls of amnesia
 r - 4 scrolls of enchant armour
 s - a scroll of holy word {unknown}
 A - a scroll of fear
 B - a scroll of torment {unknown}
 I - a scroll of acquirement {unknown}
 L - 4 scrolls of immolation
 N - a scroll of vulnerability
Potions
 f - 2 potions of magic {unknown}
 i - a potion of might
 j - 7 potions of haste
 l - 3 potions of lignification
 n - 8 potions of curing
 q - a potion of cancellation {unknown}
 v - a potion of brilliance {unknown}
 x - a potion of agility
 z - a potion of invisibility
 D - a potion of resistance
 F - 2 potions of flight
 G - 3 potions of mutation
 O - 9 potions of degeneration
 Q - 2 potions of ambrosia
 S - a potion of heal wounds
Miscellaneous
 a - a phial of floods (inert)
Comestibles
 c - 28 rations
 R - a chunk of flesh


   Skills:
 + Level 11.3 Fighting
 * Level 15.1 Long Blades
 - Level 2.4 Dodging


You had 12 spell levels left.
You didn't know any spells.
Your spell library contained the following spells:

 Spells                   Type           Power        Failure   Level  Hunger
 Magic Dart               Conj           #...         56%         1    ##.....
 Sting                    Conj/Pois      #...         56%         1    ##.....
 Blink                    Tloc           N/A          71%         2    ###....
 Call Imp                 Summ           #.......     71%         2    ###....
 Poisonous Vapours        Pois/Air       #.....       71%         2    ###....
 Slow                     Hex            #.......     71%         2    ###....
 Throw Frost              Conj/Ice       #.....       71%         2    ###....
 Conjure Flame            Conj/Fire      #.......     90%         3    ####...
 Mephitic Cloud           Conj/Pois/Air  #.......     90%         3    ####...
 Olgreb's Toxic Radiance  Pois           #.......     100%        4    #####..
 Passage of Golubria      Tloc           N/A          100%        4    #####..
 Throw Icicle             Conj/Ice       #.......     100%        4    #####..
 Venom Bolt               Conj/Pois      #.........   100%        5    ######.
 Orb of Destruction       Conj           #.........   100%        7    #######


Dungeon Overview and Level Annotations

Branches:
Dungeon (13/15)            Temple (0/1) D:4            Lair (0/6) D:9
    Orc (0/2) D:9
 Vaults: D:13-14

Altars:
Ashenzari
Dithmenos
Gozag
Kikubaaqudgha
Okawaru
Trog
Uskayaw
Xom
The Shining One

Shops:
D:9 !

Annotations:
D:9 2 runed translucent doors, exclusion: orange crystal statue
D:13 3 runed translucent doors, 00Nightcrawler's ghost, journeyman VSTm


Innate Abilities, Weirdness & Mutations

You are too large for most types of armour.
You have claws for hands.
Your metabolism is lightning-fast.
You like to eat raw meat.
Your natural rate of healing is unusually fast.
You are covered in fur. (AC +1)
You have extremely tough skin. (AC +3)


Message History

a +0 shortbow; 21 arrows; a +0 rapier Really walk into that cloud of flame? [Y]es or [N]o only, please.
Really walk into that cloud of flame?
Okay, then.
Really walk into that cloud of flame?
Okay, then.
You feel a strong urge to attack something.
You feel sick.
Unknown command.
You are no longer berserk.
Trog's vigour flows through your veins.
You are exhausted.
You feel yourself slow down.
You feel sick.
As you read the scroll of teleportation, it crumbles to dust.
You feel strangely unstable.
You feel sick.
The very large slime creature barely misses you.
You feel sick.
The very large slime creature hits you!!!
You die...
J

#.# .H #####.# #.# ...
##.....# #†# .... #..# #.#
.... #..# #######.#
###c'######§.###.....#.#
#.....cccJ)............###
......#######J##.......÷...
####......@J..##......#####
#.###########......#
########


You could see a very large slime creature and a slime creature.

Vanquished Creatures
  Jorgrun (D:12)
  Frances (D:12)
  Nessos (D:11)
  An ettin (D:11)
  Josephine (D:10)
  2 hydras
  A centaur warrior (D:13)
  An ogre mage (D:12)
  5 two-headed ogres
  A deep troll earth mage (D:11)
  An orc knight (D:11)
  A deep elf mage (D:13)
  An oklob plant (D:7)
  An ugly thing (D:11)
  2 manticores
  3 centaur zombies
  2 centaur skeletons
  A kobold demonologist (D:12)
  A komodo dragon (D:13)
  A troll (D:13)
  A hornet (D:9)
  A meliai (D:13)
  7 slime creatures (D:11)
  3 hippogriffs
  A shadow (D:11)
  2 wyverns
  3 wraiths (D:10)
  17 yaks
  Eustachio (D:5)
  3 basilisks
  An acid dragon (D:12)
  A water moccasin (D:9)
  Duvessa (D:4)
  2 ice beasts (D:8)
  4 porcupines (D:9)
  3 sky beasts
  A swamp drake (D:9)
  5 orc warriors
  4 phantoms
  A necrophage (D:9)
  3 ogres
  11 centaurs
  A crocodile (D:9)
  2 big kobolds
  14 bullfrogs
  A wyvern zombie (D:13)
  Dowan (D:4)
  A wyvern skeleton (D:11)
  2 scorpions
  4 killer bees
  2 howler monkeys
  A bullfrog zombie (D:11)
  5 crimson imps
  5 hounds
  10 orc priests
  Crazy Yiuf (D:7)
  2 bullfrog skeletons (D:12)
  2 jellies
  12 orc wizards
  5 worker ants
  2 iguanas
  Natasha (twice) (D:2)
  A hound zombie (D:10)
  2 hound skeletons
  A worker ant zombie (D:9)
  4 gnolls (D:5)
  14 adders
  2 shadow imps
  An ooze (D:5)
  3 worms
  4 leopard geckos
  39 orcs
  A bat (D:1)
  4 giant cockroaches
  6 hobgoblins
  7 jackals
  8 quokkas
  10 frilled lizards
  10 goblins
  A jackal zombie (D:8)
  16 kobolds
  A leopard gecko skeleton (D:7)
  A quokka skeleton (D:5)
  2 quokka zombies
  4 rats
  A rat zombie (D:8)
  A plant (D:7)
324 creatures vanquished.

Vanquished Creatures (collateral kills)
  A hydra (D:13)
  A centaur warrior (D:13)
  A meliai (D:13)
  A troll (D:13)
  A slime creature (D:13)
  A hippogriff (D:13)
  A wraith (D:11)
  An orc warrior (D:9)
  2 orc wizards (D:9)
  2 orcs (D:9)
12 creatures vanquished.

Vanquished Creatures (others)
  A howler monkey (D:9)
  20 fungi (D:9)
  A plant (D:9)
22 creatures vanquished.

Grand Total: 358 creatures vanquished

Notes
Turn   | Place    | Note
-------+----------+-------------------------------------------
     0 | D:1      | Johnny the Troll Berserker began the quest for the Orb.
     0 | D:1      | Reached XP level 1. HP: 22/22 MP: 0/0
   333 | D:1      | Reached XP level 2. HP: 28/29 MP: 1/1
   613 | D:2      | Reached skill level 3 in Long Blades
   618 | D:2      | Reached XP level 3. HP: 36/36 MP: 2/2
   634 | D:2      | Reached ** piety under Trog
   664 | D:2      | Found a shattered altar of Ashenzari.
   760 | D:2      | Noticed Natasha
   767 | D:2      | Killed Natasha
   767 | D:2      | Reached XP level 4. HP: 43/45 MP: 3/3
   989 | D:2      | Noticed Natasha
  1000 | D:2      | Killed Natasha
  1000 | D:2      | Reached skill level 4 in Long Blades
  1516 | D:3      | Found a shadowy altar of Dithmenos.
  1535 | D:3      | Reached *** piety under Trog
  1697 | D:4      | Reached XP level 5. HP: 52/53 MP: 4/4
  1722 | D:4      | Found a staircase to the Ecumenical Temple.
  1794 | D:4      | Reached XP level 6. HP: 41/62 MP: 5/5
  1843 | D:4      | Noticed Dowan
  1844 | D:4      | Noticed Duvessa
  1857 | D:4      | Killed Dowan
  1857 | D:4      | Reached skill level 5 in Long Blades
  1867 | D:4      | Killed Duvessa
  2065 | D:4      | Found a shimmering altar of Xom.
  2129 | D:5      | Entered Level 5 of the Dungeon
  2132 | D:5      | Noticed a sky beast
  2147 | D:5      | Killed a sky beast
  2147 | D:5      | Reached XP level 7. HP: 61/70 MP: 6/6
  2220 | D:5      | Reached skill level 6 in Long Blades
  2257 | D:5      | Found a glowing golden altar of the Shining One.
  2257 | D:5      | Found an opulent altar of Gozag.
  2512 | D:5      | Reached skill level 5 in Fighting
  2721 | D:5      | Reached **** piety under Trog
  2833 | D:5      | Found an ancient bone altar of Kikubaaqudgha.
  2871 | D:5      | Noticed Eustachio
  2901 | D:5      | Killed Eustachio
  2901 | D:5      | Reached skill level 7 in Long Blades
  2901 | D:5      | Reached XP level 8. HP: 63/80 MP: 7/7
  3894 | D:6      | Got a fine robe
  3905 | D:6      | Identified the +4 robe of Claustrophobia {rCorr Int+4
                  | Dex-2} (You found it on level 6 of the Dungeon)
  3966 | D:7      | Found a hide-covered altar of Uskayaw.
  3967 | D:7      | Noticed an oklob plant
  4041 | D:7      | Killed an oklob plant
  4041 | D:7      | Reached skill level 8 in Long Blades
  4096 | D:7      | Reached XP level 9. HP: 70/89 MP: 8/8
  4176 | D:7      | Got a faintly glowing bronze amulet
  4177 | D:7      | Identified the amulet "Bufenant" {Spirit rF+ rN+ Int-4}
                  | (You found it on level 7 of the Dungeon)
  4290 | D:7      | Found a runed translucent door.
  4291 | D:7      | Noticed Crazy Yiuf
  4299 | D:7      | Killed Crazy Yiuf
  4499 | D:7      | Got a warped mace
  4533 | D:7      | Reached ***** piety under Trog
  4548 | D:7      | Reached skill level 9 in Long Blades
  5019 | D:8      | Found a sand-covered staircase.
  5342 | D:9      | You fall into a shaft and drop 2 floors!
  5342 | D:11     | Noticed a five-headed hydra
  5381 | D:11     | Killed a five-headed hydra
  5381 | D:11     | Reached skill level 10 in Long Blades
  5386 | D:11     | Noticed a green ugly thing
  5406 | D:11     | Killed a green ugly thing
  5406 | D:11     | Reached XP level 10. HP: 89/102 MP: 7/9
  5444 | D:11     | Noticed an orc knight
  5461 | D:11     | Killed an orc knight
  5472 | D:11     | Noticed an ettin
  5473 | D:11     | Noticed a two-headed ogre
  5479 | D:11     | Noticed a two-headed ogre
  5545 | D:11     | Killed a two-headed ogre
  5545 | D:11     | Reached skill level 11 in Long Blades
  5695 | D:10     | Entered Level 10 of the Dungeon
  5695 | D:10     | Noticed Josephine
  5724 | D:10     | Killed Josephine
  5867 | D:9      | Found a runed translucent door.
  5880 | D:9      | Received a gift from Trog
  5888 | D:9      | Found the +10 large shield of Ignorance {rN+ Int-4}
  5909 | D:9      | Reached XP level 11. HP: 27/113 MP: 4/10
  5975 | D:9      | Found a runed translucent door.
  5978 | D:9      | Noticed an orange crystal statue
  6127 | D:9      | Found a staircase to the Lair.
  6131 | D:9      | Paralysed by a hornet for 1 turns
  6159 | D:9      | Got an ancient dagger
  6195 | D:9      | Reached skill level 12 in Long Blades
  6392 | D:9      | Found Zuoqael's Distillery.
  6400 | D:9      | Bought a potion of heal wounds for 80 gold pieces
  6400 | D:9      | Bought a potion of flight for 48 gold pieces
  6400 | D:9      | Bought a potion of lignification for 48 gold pieces
  6400 | D:9      | Bought a potion of mutation for 128 gold pieces
  6400 | D:9      | Bought a potion of curing for 48 gold pieces
  6400 | D:9      | Bought a potion of curing for 48 gold pieces
  6400 | D:9      | Bought a potion of might for 64 gold pieces
  6760 | D:9      | Found a glowing golden altar of the Shining One.
  6819 | D:9      | Found a staircase to the Orcish Mines.
  7070 | D:10     | Noticed a two-headed ogre
  7079 | D:10     | Killed a two-headed ogre
  7585 | D:10     | Found a bloodstained altar of Trog.
  7687 | D:11     | Killed a two-headed ogre
  7687 | D:11     | Reached skill level 13 in Long Blades
  7706 | D:11     | Noticed a deep troll earth mage
  7833 | D:11     | Killed a deep troll earth mage
  7866 | D:11     | You fall into a shaft and drop 1 floor!
  7868 | D:12     | Identified the +3 mace "Qefum" {crush, rC- Int+5} (You
                  | found it on level 7 of the Dungeon)
  7878 | D:12     | Noticed Frances
  7882 | D:12     | Noticed Jorgrun
  7898 | D:12     | Killed Jorgrun
  7898 | D:12     | Reached skill level 10 in Fighting
  7898 | D:12     | Reached XP level 12. HP: 126/126 MP: 3/11
  8104 | D:11     | Killed an ettin
  8449 | D:11     | Identified the Collected Works on Damaging Orientation
  8664 | D:12     | Noticed a four-headed hydra
  8664 | D:12     | Noticed an ogre mage
  8665 | D:12     | Noticed Nessos
  8986 | D:11     | Killed Nessos
  8986 | D:11     | Reached skill level 14 in Long Blades
  9259 | D:12     | Noticed a two-headed ogre
  9264 | D:12     | Killed Frances
  9270 | D:12     | Killed a two-headed ogre
  9376 | D:12     | Killed a five-headed hydra
  9382 | D:12     | Killed an ogre mage
  9625 | D:13     | Noticed a two-headed ogre
  9635 | D:13     | Killed a two-headed ogre
  9757 | D:13     | Noticed a tengu warrior
  9757 | D:13     | Noticed a merfolk impaler
  9757 | D:13     | Noticed a merfolk javelineer
  9758 | D:13     | Noticed 00Nightcrawler's ghost (journeyman VSTm)
  9759 | D:13     | Found a runed translucent gate.
  9759 | D:13     | Found a runed translucent gate.
  9759 | D:13     | Found a runed translucent gate.
  9759 | D:13     | Noticed a centaur warrior
  9759 | D:13     | Noticed a merfolk impaler
  9761 | D:13     | Found an iron altar of Okawaru.
  9810 | D:13     | Noticed a centaur warrior
  9826 | D:13     | Killed a centaur warrior
  9826 | D:13     | Reached XP level 13. HP: 32/137 MP: 4/12
 10102 | D:13     | Reached skill level 15 in Long Blades
 10135 | D:13     | Demolished by a very large slime creature

Levels and vault maps discovered:
D:1:      mainiacjoe_arrival_reflecting_pool, layout_rooms
D:2:      layout_rooms, nicolae_overflow_crystal_walls, uniq_natasha
D:3:      layout_basic, lemuel_round_altar
D:4:      layout_rooms, kennysheep_mini_moat, temple_statues, uniq_duvessa
D:5:      layout_loops_cross, old_standard_altar,
          gammafunk_temple_overflow_pools, first_ration, small_statue_alley_b,
          patterned_corridor, uniq_eustachio
D:6:      layout_loops_corners
D:7:      layout_rooms, hangedman_decor_push, grunt_ogre_cave,
          lemuel_oklob_altar, uniq_crazy_yiuf_cottage
D:8:      layout_cave_pools, enter_ossuary_3, minmay_door_square
D:9:      layout_basic, due_lair_maze_entry_diamond, erik_orc_1, serial_shops,
          shop, basic_altar, nrook_campfire, chequers_guarded_unrand_ignorance
D:10:     layout_roguey, trog_book, uniq_josephine
D:11:     minmay_mutant_horseshoe, layout_cave_pools
D:12:     layout_big_octagon, minmay_mirror_moons_of_madness, uniq_frances,
          uniq_nessos, uniq_jorgrun
D:13:     kennysheep_big_flooded_room, layout_loops_ring,
          gammafunk_ghost_fury_of_okawaru

Skill      XL: |  1  2  3  4  5  6  7  8  9 10 11 12 13 |
---------------+----------------------------------------+-----
Long Blades    | 3 4 5 7 8 10 11 13 14 15 | 15.1
Fighting       | 3 4 5 6 7 8 10 11 | 11.3
Dodging        | |  2.4

Action                   |  1- 3 |  4- 6 |  7- 9 | 10-12 | 13-15 || total
-------------------------+-------+-------+-------+-------+-------++-------
Melee: Falchion          |   104 |   167 |   451 |   129 |       ||   851
       Double sword      |       |       |       |   466 |    47 ||   513
Invok: Berserk           |     2 |     2 |    10 |    14 |     1 ||    29
       Trog's Hand       |       |     1 |       |     7 |       ||     8
       Brothers in Arms  |       |       |       |     5 |     4 ||     9
Evoke: Wand              |       |       |    16 |    48 |     3 ||    67
       Phial of floods   |       |       |       |       |     1 ||     1
  Use: Scroll            |       |       |     1 |    16 |     1 ||    18
       Potion            |       |       |       |     6 |       ||     6
 Stab: Paralysed         |       |       |       |    10 |       ||    10
       Confused          |       |       |       |     4 |       ||     4
  Eat: Chunk             |    15 |    15 |    37 |    60 |     5 ||   132
Armor: Animal skin       |    33 |    62 |       |       |       ||    95
       Robe              |       |    11 |   149 |   139 |       ||   299
       Skin              |       |     2 |       |     6 |    11 ||    19
       Troll leather arm |       |       |       |    87 |    10 ||    97
Dodge: Dodged            |    70 |   101 |   174 |   287 |    22 ||   654
       Rpst.: Falchion   |    15 |    33 |    46 |    14 |       ||   108
       Double sword      |       |       |       |    61 |     4 ||    65
